 Dungeon Crawl Stone Soup version 0.23.0 (webtiles) character file.

Game seed: 14848360269228561886

103 inmateoo the Shooter (level 4, -1/38 HPs)
             Began as a Gnoll Wanderer on Feb 12, 2019.
             Slain by Natasha (4 damage)
             ... on level 3 of the Dungeon.
             The game lasted 00:04:56 (2585 turns).

inmateoo the Shooter (Gnoll Wanderer)               Turns: 2585, Time: 00:04:57

Health: -1/38      AC:  5    Str: 13    XL:     4   Next: 79%
Magic:  0/5        EV: 10    Int: 16    God:
Gold:   134        SH:  0    Dex: 15    Spells: 2/5 levels left

rFire    . . .     SeeInvis .   b - +0 shortbow
rCold    . . .     Gourm    .   (shield currently unavailable)
rNeg     . . .     Faith    .   g - +0 ring mail
rPois    .         Spirit   .   (no helmet)
rElec    .         Reflect  .   (no cloak)
rCorr    .         Harm     .   (no gloves)
MR       .....                  (no boots)
Stlth    ++........             (no amulet)
HPRegen  0.12/turn              (no ring)
MPRegen  0.09/turn              (no ring)

@: lethally poisoned (-1 -> -2), very slightly contaminated, slowed, very slow
A: distributed training, fangs 1, strong nose
a: no special abilities


You were on level 3 of the Dungeon.
You were not hungry.

You visited 1 branch of the dungeon, and saw 3 of its levels.

You collected 134 gold pieces.

Inventory:

Hand Weapons
 b - a +0 shortbow (weapon)
Missiles
 c - 23 arrows (quivered)
Armour
 g - a +0 ring mail (worn)
Scrolls
 d - 2 scrolls of teleportation
 e - 2 scrolls of fog
 j - a scroll of remove curse
 k - a scroll of enchant weapon {unknown}
Potions
 a - a potion of resistance {unknown}
 h - 2 potions of might
 i - a potion of lignification {unknown}
 l - a potion of brilliance {unknown}
Comestibles
 f - 7 rations


   Skills:
 + Level 4.7 Fighting
 + Level 1.2 Short Blades
 + Level 1.2 Long Blades
 + Level 1.2 Axes
 + Level 1.2 Maces & Flails
 + Level 1.2 Polearms
 + Level 1.2 Staves
 + Level 1.2 Slings
 + Level 4.7 Bows
 + Level 1.2 Crossbows
 + Level 2.8 Throwing
 + Level 2.8 Armour
 + Level 1.2 Dodging
 + Level 2.6 Stealth
 + Level 1.2 Shields
 + Level 1.2 Unarmed Combat
 + Level 1.2 Spellcasting
 + Level 1.0 Conjurations
 + Level 1.0 Hexes
 + Level 1.0 Charms
 + Level 1.0 Summonings
 + Level 1.0 Necromancy
 + Level 1.0 Translocations
 + Level 3.9 Transmutations
 + Level 2.3 Fire Magic
 + Level 1.0 Ice Magic
 + Level 1.0 Air Magic
 + Level 1.0 Earth Magic
 + Level 1.0 Poison Magic
 + Level 1.3 Invocations
 + Level 1.2 Evocations


You had 2 spell levels left.
You knew the following spells:

 Your Spells              Type           Power        Failure   Level  Hunger
a - Flame Tongue          Conj/Fire      #....        24%         1    ##.....
b - Throw Flame           Conj/Fire      #.....       34%         2    ###....

Your spell library contained the following spells:

 Spells                   Type           Power        Failure   Level  Hunger
 Conjure Flame            Conj/Fire      #.......     56%         3    ####...
 Inner Flame              Hex/Fire       #.......     56%         3    ####...
 Sticky Flame             Conj/Fire      #.......     93%         4    #####..
 Fireball                 Conj/Fire      #.........   100%        5    ######.


Dungeon Overview and Level Annotations

Branches:
Dungeon (3/15)

Altars:
Gozag

Annotations:
D:3 Natasha


Innate Abilities, Weirdness & Mutations

Your experience applies equally to all skills.
You have very sharp teeth.
Your uncanny sense of smell can sniff out nearby items.


Message History

The crimson imp blinks!
Unknown command.
Firing (i - inventory)
c - 25 arrows (quivered)
Press: ? - help, Shift-Dir - straight line, f/p - Natasha
Aim: Natasha (severely wounded)
You shoot an arrow. The arrow closely misses Natasha.
The arrow hits the rat!
You kill the rat!
Natasha barely misses you.
Unknown command.
Unknown command.
Firing (i - inventory)
c - 24 arrows (quivered)
Press: ? - help, Shift-Dir - straight line, f/p - Natasha
Aim: Natasha (severely wounded)
You shoot an arrow. The arrow closely misses Natasha.
The arrow misses the crimson imp.
Natasha stares at you and mumbles some strange words.
You feel yourself slow down.
Natasha hisses.
Natasha claws you.
You die...

#..## #..............#
#... ∆#.†............#
####..###......##....###
........÷.#######....#
###.#...## #....#
###+#...## #r...#
#........# #....#
#........#######5...#
#............@h5(..(#
#####....##.####....#
#8..#............).....
#_............#########
#8..#................
#####.#.###...#######
#.#.# ##### #..<#
#.#.#########...#
#.#.............#


You could see Natasha, a crimson imp and a shadow imp.

Vanquished Creatures
  4 adders
  An ooze (D:2)
  2 worms (D:2)
  2 dart slugs (D:1)
  A leopard gecko (D:1)
  5 bats (D:1)
  5 giant cockroaches
  7 goblins
  5 hobgoblins
  4 jackals (D:1)
  A quokka (D:2)
  2 ball pythons (D:2)
  2 frilled lizards
  4 kobolds
  5 rats
50 creatures vanquished.

Notes
Turn   | Place    | Note
-------+----------+-------------------------------------------
     0 | D:1      | inmateoo the Gnoll Wanderer began the quest for the Orb.
     0 | D:1      | inmateoo set off with the following items: a +0 shortbow,
                  | 21 arrows, a scroll of teleportation, a +0 robe, a ration;
                  | and the following spell memorised: Flame Tongue; and the
                  | following spells available to memorise: Throw Flame,
                  | Conjure Flame, Inner Flame, Sticky Flame, Fireball
     0 | D:1      | Reached XP level 1. HP: 20/20 MP: 1/1
   188 | D:1      | Reached XP level 2. HP: 22/26 MP: 2/2
   568 | D:1      | Reached XP level 3. HP: 4/31 MP: 3/3
   572 | D:1      | Learned a level 2 spell: Throw Flame
   903 | D:1      | You fall through a shaft!
   994 | D:2      | Reached skill level 1 in Invocations
  1258 | D:2      | Reached skill level 1 in Short Blades
  1258 | D:2      | Reached skill level 1 in Long Blades
  1258 | D:2      | Reached skill level 1 in Axes
  1258 | D:2      | Reached skill level 1 in Maces & Flails
  1258 | D:2      | Reached skill level 1 in Polearms
  1258 | D:2      | Reached skill level 1 in Staves
  1258 | D:2      | Reached skill level 1 in Slings
  1258 | D:2      | Reached skill level 1 in Crossbows
  1258 | D:2      | Reached skill level 1 in Dodging
  1258 | D:2      | Reached skill level 1 in Shields
  1258 | D:2      | Reached skill level 1 in Unarmed Combat
  1258 | D:2      | Reached skill level 1 in Spellcasting
  1258 | D:2      | Reached skill level 1 in Evocations
  1258 | D:2      | Reached XP level 4. HP: 28/38 MP: 5/5
  2409 | D:3      | Found an opulent altar of Gozag.
  2533 | D:3      | Reached skill level 1 in Conjurations
  2533 | D:3      | Reached skill level 1 in Hexes
  2533 | D:3      | Reached skill level 1 in Charms
  2533 | D:3      | Reached skill level 1 in Summonings
  2533 | D:3      | Reached skill level 1 in Necromancy
  2533 | D:3      | Reached skill level 1 in Translocations
  2533 | D:3      | Reached skill level 1 in Ice Magic
  2533 | D:3      | Reached skill level 1 in Air Magic
  2533 | D:3      | Reached skill level 1 in Earth Magic
  2533 | D:3      | Reached skill level 1 in Poison Magic
  2554 | D:3      | Noticed Natasha
  2585 | D:3      | Slain by Natasha

Skill      XL: |  1  2  3  4 |
---------------+-------------+-----
Fire Magic     | 2 |  2.3
Invocations    | 1 |  1.3
Short Blades   | 1 |  1.2
Long Blades    | 1 |  1.2
Axes           | 1 |  1.2
Maces & Flails | 1 |  1.2
Polearms       | 1 |  1.2
Staves         | 1 |  1.2
Slings         | 1 |  1.2
Crossbows      | 1 |  1.2
Dodging        | 1 |  1.2
Shields        | 1 |  1.2
Unarmed Combat | 1 |  1.2
Spellcasting   | 1 |  1.2
Evocations     | 1 |  1.2
Conjurations   | 1 |  1.0
Hexes          | 1 |  1.0
Charms         | 1 |  1.0
Summonings     | 1 |  1.0
Necromancy     | 1 |  1.0
Translocations | 1 |  1.0
Ice Magic      | 1 |  1.0
Air Magic      | 1 |  1.0
Earth Magic    | 1 |  1.0
Poison Magic   | 1 |  1.0
Fighting       | |  4.7
Bows           | |  4.7
Throwing       | |  2.8
Armour         | |  2.8
Stealth        | |  2.6
Transmutations | |  3.9

Action                   |  1- 3 |  4- 6 || total
-------------------------+-------+-------++-------
Melee: Unarmed           |   202 |   117 ||   319
       Bite              |    26 |    15 ||    41
       Punch             |     2 |     1 ||     3
 Fire: Shortbow          |    27 |    13 ||    40
 Cast: Flame Tongue      |       |     3 ||     3
  Use: Scroll            |     3 |     2 ||     5
       Potion            |       |     2 ||     2
 Stab: Sleeping          |     1 |       ||     1
  Eat: Chunk             |     1 |     5 ||     6
Armor: Ring mail         |    96 |    44 ||   140
Dodge: Dodged            |   138 |    64 ||   202
